 Dungeon Crawl Stone Soup version 0.22-a0-445-g8c8ef71 (webtiles) character file.

42 Sergey the Ruffian (level 3, -1/28 HPs)
             Began as a Minotaur Transmuter on June 2, 2018.
             Was an Initiate of Cheibriados.
             Slain by a phantom (4 damage)
             ... on level 4 of the Dungeon.
             The game lasted 00:03:09 (442 turns).

Sergey the Ruffian (Minotaur Transmuter)             Turns: 442, Time: 00:03:10

Health: -1/28      AC:  2    Str: 20    XL:     3   Next: 35%
Magic:  3/4        EV: 17    Int: 17    God:    Cheibriados [......]
Gold:   35         SH:  6    Dex: 16    Spells: 2/5 levels left

rFire    . . .     SeeInvis .     - Unarmed
rCold    . . .     Gourm    .   f - +2 buckler
rNeg     . . .     Faith    .   b - +0 robe
rPois    .         Spirit   .   (helmet restricted)
rElec    .         Reflect  .   (no cloak)
rCorr    .         Harm     .   (no gloves)
MR       .....                  (no boots)
Stlth    ++........             (no amulet)
HPRegen  0.09/turn              (no ring)
MPRegen  0.09/turn              (no ring)

@: mighty, brilliant, agile, very slow
A: retaliatory headbutt, horns 2
a: Bend Time, Renounce Religion


You were on level 4 of the Dungeon.
You worshipped Cheibriados.
Cheibriados was noncommittal.
You were not hungry.

You visited 1 branch of the dungeon, and saw 5 of its levels.

You collected 35 gold pieces.

Inventory:

Missiles
 a - 23 arrows
Armour
 b - a +0 robe (worn)
 f - a +2 buckler (worn)
 h - a +0 shield
Wands
 e - a wand of enslavement (9)
Scrolls
 l - a scroll of remove curse {@r2}
Comestibles
 d - 3 rations
 g - a chunk of flesh


   Skills:
 - Level 1.2 Fighting
 - Level 2.1 Dodging
 * Level 2.1 Shields
 * Level 3.9 Unarmed Combat
 + Level 1.6 Spellcasting
 + Level 1.9 Transmutations


You had 2 spell levels left.
You knew the following spells:

 Your Spells              Type           Power        Failure   Level  Hunger
a - Beastly Appendage     Tmut           ###...       1%          1    ##.....
b - Sticks to Snakes      Tmut           ###.....     2%          2    ###....

Your spell library contained the following spells:

 Spells                   Type           Power        Failure   Level  Hunger
 Confuse                  Hex            ##......     9%          3    ####...
 Spider Form              Tmut/Pois      ##........   6%          3    ####...
 Blade Hands              Tmut           ###.......   30%         5    ######.
 Ice Form                 Ice/Tmut       ##......     17%         4    #####..
 Confusing Touch          Hex            ##....       3%          1    ##.....
 Metabolic Englaciation   Hex/Ice        ##........   52%         5    ######.
 Petrify                  Tmut/Erth      ##......     17%         4    #####..
 Gell's Gravitas          Tloc           ##........   9%          3    ####...
 Yara's Violent Unravell  Hex/Tmut       ##........   41%         5    ######.


Dungeon Overview and Level Annotations

Branches:
Dungeon (5/15)
 Temple: D:4-7

Altars:
Cheibriados
Uskayaw


Innate Abilities, Weirdness & Mutations

You reflexively headbutt those who attack you in melee.
You have a pair of horns on your head.


Message History

You aren't carrying any pieces of jewellery.
Unknown command.
It was a potion of agility.
You feel agile all of a sudden. The phantom hits you.
It was a potion of brilliance.
You feel clever all of a sudden.
The phantom hits you but does no damage.
It was a potion of might.
You feel very mighty all of a sudden. You block the phantom's attack.
You closely miss the phantom. You hit the phantom. You headbutt the phantom.
The phantom is lightly damaged.
The phantom hits you.
* * * LOW HITPOINT WARNING * * *
You closely miss the phantom. Your headbutt misses the phantom.
The phantom is lightly damaged.
The phantom hits you.
You die...

#.# #.# ## .# #.# .#.##.
.. # ..#..#.##.##.# #.
#.#..#.##. ..# ..
#.#....... ..# #.#.
#.#....#.. ..#
##....#####.##...#..#..#
#......@W>.......#..<..#.
##..#.#####.#....#..##.#.
.. .....#............ #..
##..#.##.#.#.#(#. #.
#.#......#......... #
#........#...#.# .
#...###..#...#.####
#...#_'..#......... ..
.###..##..#.....


You could see a phantom.

Vanquished Creatures
  A leopard gecko (D:5)
  3 bats
  3 giant cockroaches
  3 kobolds
  A frilled lizard (D:1)
  2 goblins
  A leopard gecko zombie (D:5)
  3 rats
17 creatures vanquished.

Vanquished Creatures (collateral kills)
  A bullfrog zombie (D:5)
  A jackal (D:5)
2 creatures vanquished.

Grand Total: 19 creatures vanquished

Notes
Turn   | Place    | Note
-------+----------+-------------------------------------------
     0 | D:1      | Sergey the Minotaur Transmuter began the quest for the Orb.
     0 | D:1      | Reached XP level 1. HP: 16/16 MP: 1/1
   116 | D:1      | Reached skill level 1 in Shields
   178 | D:2      | Reached XP level 2. HP: 23/23 MP: 3/3
   207 | D:2      | Learned a level 2 spell: Sticks to Snakes
   272 | D:4      | Noticed a phantom
   276 | D:4      | Found a hide-covered altar of Uskayaw.
   288 | D:5      | Entered Level 5 of the Dungeon
   293 | D:5      | Found a snail-covered altar of Cheibriados.
   313 | D:5      | Became a worshipper of Cheibriados the Contemplative
   412 | D:5      | Reached XP level 3. HP: 13/28 MP: 0/4
   442 | D:4      | Slain by a phantom

Vault maps used:
D:1:      matt_arrival_grand_opening
D:2:      nicolae_dithmenos_through_a_glass_darkly
D:4:      kennysheep_mini_moat, lemuel_doored_altar, makhleb_heckhound_becter,
          first_ration
D:5:      minmay_temple_entry_purple_smoke, cheibrodos_worm_habitat

Skill      XL: |  1  2 |
---------------+-------+-----
Shields        | 1 2 |  2.1
Fighting       | |  1.2
Dodging        | |  2.1
Unarmed Combat | |  3.9
Spellcasting   | |  1.6
Transmutations | |  1.9

Action                   || total
-------------------------++-------
Melee: Unarmed           ||    50
       Headbutt          ||     9
       Kick              ||     3
 Cast: Beastly Appendage ||     2
       Sticks to Snakes  ||     1
  Use: Scroll            ||     3
       Potion            ||     3
 Stab: Sleeping          ||     1
Armor: Robe              ||    12
Dodge: Dodged            ||    33
Block: Buckler           ||    12

Table legend:
 A = Spawn XP
 B = Non-spawn XP
 C = Spawn XP percentage of total XP
 D = Spawn monster count
 E = Non-spawn monster count
 F = Spawn count percentage of total count
 G = Total turns spent on level
                    A         B        C        D         E        F      G
               +---------+---------+-------+---------+---------+-------+---------
         Total |       0 |      61 |   0.0 |       0 |      19 |   0.0 |   442
               +---------+---------+-------+---------+---------+-------+---------
           D:1 |       0 |      11 |   0.0 |       0 |       7 |   0.0 |   170
           D:2 |       0 |       4 |   0.0 |       0 |       3 |   0.0 |    43
           D:3 |       0 |       4 |   0.0 |       0 |       3 |   0.0 |    45
           D:5 |       0 |      42 |   0.0 |       0 |       6 |   0.0 |   145
               +---------+---------+-------+---------+---------+-------+---------
